 Dungeon Crawl Stone Soup version 0.14.0-12-g87ee3b7 (webtiles) character file.

364 Leibowitz the Ducker (level 6, -1/47 HPs)
             Began as a Merfolk Gladiator on Apr 16, 2014.
             Slain by an orc priest
             ... wielding a +0,+0 scimitar
              (10 damage)
             ... on Level 3 of the Dungeon.
             The game lasted 00:08:07 (2204 turns).

Leibowitz the Ducker (Merfolk Gladiator)            Turns: 2204, Time: 00:08:08

HP  -1/47        AC  8     Str 15      XL: 6   Next:  3%
MP   6/6         EV 15     Int  7      God:
Gold 135         SH  0     Dex 17      Spells:  0 memorised,  5 levels left

rFire  + . .     SeeInvis .     a - +0 trident
rCold  + . .     Clarity  .     b - +0 leather armour
rNeg   . . .     Conserve .     (no shield)
rPois  +         rCorr    .     c - +0 helmet
rElec  +         rRot     .     (no cloak)
SustAb . .       Spirit   .     p - +2 pair of gloves
rMut   .         Warding  .     C - +0 pair of boots
Saprov . . .     Stasis   .     (no amulet)
MR     .....                    (no ring)
                                (no ring)

@: not resistant to hostile enchantments, unstealthy
A: change form in water, swift swim
a: no special abilities


You were on level 3 of the Dungeon.
You were hungry.

You visited 1 branch of the dungeon, and saw 3 of its levels.

You collected 135 gold pieces.

Inventory:

Hand weapons
 a - a +0,+0 trident (weapon)
Missiles
 d - a throwing net (quivered)
Armour
 b - a +0 leather armour (worn)
 c - a +0 helmet (worn)
 p - a +2 pair of gloves (worn)
 C - a +0 pair of boots (worn)
Comestibles
 f - a bread ration
 g - 2 chokos
 r - a pear
 x - 2 rotting chunks of worker ant flesh
 A - a snozzcumber
Scrolls
 h - a scroll of remove curse
 i - 2 scrolls of enchant weapon I {unknown}
 j - a scroll of blinking {unknown}
 k - 4 scrolls of identify {unknown}
 n - a scroll of fear {unknown}
 o - a scroll of fog {unknown}
 v - 2 scrolls of teleportation {unknown}
 y - a scroll of amnesia {unknown}
 B - a scroll of enchant weapon II {unknown}
Potions
 e - 2 potions of curing
 l - a potion of beneficial mutation {unknown}
 m - a potion of invisibility {unknown}
 q - a potion of confusion {unknown}
 s - a potion of resistance
 t - a potion of lignification {unknown}
 u - a potion of magic {unknown}
 z - a potion of might {unknown}


   Skills:
 * Level 3.5 Fighting
 + Level 5.3 Polearms
 + Level 2.1 Throwing
 + Level 1.0 Armour
 * Level 6.6 Dodging
 + Level 0.8 Stealth


You had 5 spell levels left.
You didn't know any spells.

Dungeon Overview and Level Annotations

Branches:
Dungeon (3/15)

Altars:


Message History

The orc priest is moderately wounded.
The orc priest calls down the wrath of Beogh upon you.
Something smites you!
You completely miss the orc priest.
The orc priest is moderately wounded.
The orc priest hits you with a scimitar.
You hit the orc priest.
The orc priest is heavily wounded.
The orc priest hits you with a scimitar!
* * * LOW HITPOINT WARNING * * *
You hit the orc priest but do no damage.
The orc priest is heavily wounded.
You barely miss the orc priest.
The orc priest is heavily wounded.
The orc priest looks braver.
Drink which item? (? for menu, Esc to quit)
You feel protected.
It was a potion of resistance.
The orc priest hits you with a scimitar!
You die...

.###### #.....# .# #.....#
##### #...#.# ##### ....#
######.# #...# #####
#...##.## #...#
.##########...#...####...#
<.......................##
.####...#######.........##
#####......#####@........#
..%............o.........#
########.....#########...##
# ###...# ##...# # #...#
#...# ##### #...# #####


You could see an orc priest.

Vanquished Creatures
  An orc warrior (D:3)
  A worker ant (D:3)
  3 adders
  2 worms (D:2)
  2 giant geckos (D:3)
  2 oozes
  2 orcs (D:3)
  3 ball pythons
  3 giant cockroaches
  5 hobgoblins
  12 kobolds
  A quokka (D:2)
  9 bats
  4 giant newts
  9 goblins
  7 rats
66 creatures vanquished.

Notes
Turn   | Place    | Note
--------------------------------------------------------------
     0 | D:1      | Leibowitz, the Merfolk Gladiator, began the quest for the Orb.
     0 | D:1      | Reached XP level 1. HP: 16/16 MP: 1/1
   205 | D:1      | Reached XP level 2. HP: 17/23 MP: 2/2
   655 | D:1      | Reached XP level 3. HP: 23/28 MP: 3/3
   963 | D:2      | Reached skill level 5 in Dodging
  1332 | D:2      | Reached XP level 4. HP: 34/34 MP: 4/4
  1803 | D:3      | Reached skill level 5 in Polearms
  1840 | D:3      | Reached skill level 6 in Dodging
  1840 | D:3      | Reached XP level 5. HP: 32/41 MP: 5/5
  2154 | D:3      | Noticed an orc warrior
  2174 | D:3      | Killed an orc warrior
  2174 | D:3      | Reached skill level 1 in Armour
  2174 | D:3      | Reached XP level 6. HP: 47/47 MP: 6/6
  2204 | D:3      | Slain by an orc priest

Action                   |  1- 3 |  4- 6 || total
-------------------------+-------+-------++-------
Melee: Trident           |   139 |   136 ||   275
Throw: Throwing net      |       |     2 ||     2
  Use: Potion            |     1 |     1 ||     2
       Scroll            |       |     1 ||     1
 Stab: Held in net/web   |       |     3 ||     3
